Map: Blueshift LE

Players

Lambo - Winner!

  • Race: Zerg Zerg
  • League: Master
  • Spawn Location: 1:00

sweetpsycho

  • Race: Terran Terran
  • League: Grandmaster
  • Spawn Location: 7:00

VOD

Have the link to the VOD?

Description

Time

  • Played on: Dec. 6, 2018, 11:13 a.m.
  • Length: 16:08
Show
View Real Time Build Order
Export as new Build Order

Lambo Zerg - Winner!

Build Orders: Hatch First 

Get SALT Encoding   

  12  0:00  Drone  
  13  0:12  Overlord  
  13  0:19  Drone  
  14  0:31  Drone  
  14  0:32  Drone  
  16  0:48  Hatchery  
  15  0:51  Drone  
  15  0:55  Drone  
  17  0:58  Drone  
  18  1:09  Extractor  
  17  1:14  Spawning Pool  
  17  1:16  Drone  
  17  1:19  Drone  
  18  1:27  Drone  
  19  1:38  Drone  
  20  1:49  Drone  
  21  2:01  Queen x2, Zergling x4  
  27  2:15  Hatchery  
  26  2:19  Overlord  
  26  2:21  Drone  
  27  2:26  Drone  
  28  2:40  Metabolic Boost, Drone  
  28  2:44  Queen  
  28  2:49  Drone, Overlord  
  31  2:54  Drone x2  
  31  2:57  Drone x2  
  35  3:07  Drone  
  35  3:08  Drone  
  35  3:12  Drone x2, Queen  
  39  3:16  Drone x2  
  43  3:26  Queen  
  45  3:28  Queen  
  45  3:31  Overlord  
  47  3:35  Drone  
  47  3:37  Overlord  
  48  3:46  Zergling x2  
  49  3:51  Drone x2  
  49  3:52  Zergling x6  
  49  3:53  Drone, Overlord  
  49  3:54  Drone x2  
  57  3:57  Overlord  
  57  3:59  Zergling x2  
  58  4:05  Overlord  
  58  4:10  Spore Crawler  
  58  4:11  Spore Crawler  
  58  4:14  Drone x3  
  59  4:18  Zergling x2  
  59  4:21  Queen  
  59  4:22  Evolution Chamber  
  61  4:24  Evolution Chamber  
  61  4:25  Drone x2  
  61  4:29  Overlord  
  62  4:32  Drone x2  
  62  4:33  Drone  
  65  4:43  Drone x3  
  68  4:46  Overlord  
  68  4:47  Drone  
  68  4:48  Drone x2  
  68  4:49  Overlord  
  68  4:52  Overlord  
  71  4:57  Drone x5  
  76  5:00  Zergling x2  
  76  5:01  Drone x2  
  79  5:08  Drone x3  
  79  5:11  Drone x2  
  79  5:12  Extractor  
  79  5:13  Zerg Ground Armor Level 1, Extractor  
  82  5:18  Overlord  
  82  5:21  Drone x3, Zerg Melee Weapons Level 1, Extractor  
  83  5:22  Extractor  
  83  5:24  Drone x2  
  85  5:30  Overlord  
  85  5:33  Drone x2  
  87  5:42  Overlord  
  87  5:43  Baneling Nest  
  87  5:44  Drone x5  
  87  5:48  Lair  
  91  5:50  Extractor  
  91  5:55  Hatchery  
  89  5:58  Drone  
  89  6:00  Overlord  
  89  6:03  Zergling x12  
  96  6:08  Zergling x2  
  96  6:09  Zergling x8  
  101  6:18  Zergling x2  
  101  6:19  Zergling x8  
  101  6:23  Zergling x6  
  109  6:30  Zergling x6  
  112  6:40  Baneling  
  112  6:41  Baneling  
  112  6:43  Zergling x12  
  112  6:46  Baneling x13  
  117  6:51  Centrifical Hooks, Pneumatized Carapace  
  117  6:52  Zergling x14  
  124  6:55  Zergling x2  
  124  6:59  Zergling x2  
  124  7:00  Zergling x2  
  127  7:04  Baneling  
  127  7:05  Hydralisk Den, Baneling  
  127  7:06  Zergling x2  
  127  7:12  Zergling x10  
  127  7:13  Zergling x2  
  133  7:16  Zergling x2  
  133  7:18  Overlord  
  114  7:31  Drone x8  
  114  7:34  Grooved Spines, Zerg Melee Weapons Level 2, Zerg Ground Armor Level 2  
  114  7:35  Drone  
  121  7:43  Overlord, Zergling x4  
  121  7:44  Zergling x8  
  125  7:45  Queen  
  125  7:48  Hydralisk, Infestation Pit  
  128  7:57  Drone x3  
  128  7:58  Baneling  
  130  8:03  Hatchery  
  130  8:04  Drone x4  
  130  8:05  Drone x5  
  138  8:07  Overlord  
  138  8:12  Spore Crawler  
  137  8:15  Hydralisk x2, Baneling x3  
  137  8:16  Hydralisk x2, Baneling x6  
  137  8:19  Baneling x4  
  145  8:24  Hydralisk x3  
  151  8:32  Hydralisk  
  151  8:33  Zergling x8  
  152  8:35  Zergling x12  
  152  8:36  Baneling  
  152  8:37  Baneling x3  
  152  8:41  Hydralisk x2, Zergling x2  
  149  8:42  Zergling x2  
  149  8:46  Muscular Augments  
  149  8:47  Hydralisk, Zergling x2  
  149  8:48  Zergling x2  
  144  8:54  Zergling x8  
  146  8:57  Hive  
  146  8:59  Spire, Extractor x2  
  138  9:03  Zergling x4  
  138  9:05  Baneling  
  138  9:06  Baneling, Zergling x4  
  138  9:09  Baneling x9  
  138  9:10  Zergling x2  
  138  9:13  Baneling x3  
  128  9:18  Overseer  
  128  9:19  Zergling x8  
  128  9:24  Zergling x2  
  125  9:26  Hydralisk x3  
  125  9:27  Zergling x12  
  130  9:38  Drone x9  
  139  9:41  Hydralisk, Baneling  
  141  9:50  Zerg Missile Weapons Level 1  
  141  9:53  Baneling x4  
  141  9:56  Queen  
  141  9:57  Hydralisk x8  
  159  10:09  Drone  
  159  10:10  Drone  
  159  10:11  Spore Crawler, Spine Crawler  
  159  10:12  Hydralisk x2  
  159  10:13  Hydralisk, Zergling x2  
  165  10:22  Greater Spire  
  165  10:23  Overseer  
  165  10:26  Spore Crawler, Zergling x2  
  165  10:27  Overlord x5  
  165  10:28  Overlord  
  165  10:29  Baneling x13  
  165  10:32  Spore Crawler  
  164  10:36  Overseer  
  164  10:41  Zergling x6  
  164  10:42  Zergling x16  
  165  10:46  Hydralisk x2  
  165  10:47  Zergling x6  
  172  11:00  Drone x3  
  172  11:01  Drone x3  
  172  11:02  Corruptor x2  
  172  11:03  Spore Crawler  
  181  11:04  Corruptor  
  183  11:11  Corruptor x2  
  183  11:13  Overseer  
  186  11:19  Corruptor x2  
  190  11:38  Drone x4  
  190  11:39  Drone x3  
  174  11:55  Zergling x18  
  174  11:56  Zergling x6  
  181  12:07  Overseer  
  180  12:10  Extractor  
  180  12:11  Extractor  
  180  12:14  Brood Lord  
  180  12:15  Brood Lord x6  
  191  12:17  Zergling x20  
  191  12:21  Zerg Missile Weapons Level 2  
  191  12:22  Zerg Melee Weapons Level 3  
  188  12:30  Overseer  
  186  12:38  Zergling x18  
  195  12:47  Zergling x8  
  195  12:49  Baneling x7  
  199  13:04  Overlord  
  199  13:07  Baneling x23  
  199  13:09  Overlord  
  199  13:10  Zergling x2  
  200  13:17  Baneling x3  
  196  13:32  Zergling x20  
  199  13:47  Zergling x2  
  199  13:48  Zergling x2  
  187  13:55  Hydralisk  
  187  13:56  Hydralisk x3  
  195  14:03  Baneling x15  
  195  14:09  Viper  
  191  14:25  Viper x2  
  191  14:26  Hatchery  
  191  14:35  Zergling x16  
  195  14:50  Zergling x28  
  186  15:01  Overseer  
  186  15:04  Hydralisk x9  
  195  15:07  Zergling x6  
  195  15:12  Hydralisk x4  
  196  15:15  Ultralisk Cavern  
  196  15:17  Hydralisk  
  196  15:18  Hydralisk x5  
  178  15:25  Hydralisk x3  
  167  15:33  Baneling x14  
  165  15:38  Hydralisk x13  
  165  15:39  Zergling x6  
  194  15:47  Overseer  
  194  15:50  Zergling x10  
  194  15:51  Hatchery  
  197  16:03  Unknown  
Show
View Real Time Build Order
Export as new Build Order

sweetpsycho Terran 

Build Orders: Reaper Expand 

Get SALT Encoding   

  12  0:00  SCV  
  13  0:13  SCV  
  14  0:18  Supply Depot  
  14  0:25  SCV  
  15  0:39  SCV  
  15  0:40  Barracks  
  16  0:45  Refinery  
  16  0:51  SCV  
  17  1:03  SCV  
  18  1:16  SCV  
  19  1:28  Reaper  
  19  1:29  Orbital Command  
  20  1:38  Command Center  
  20  1:49  Supply Depot  
  20  1:54  SCV  
  20  2:00  Marine  
  22  2:05  Factory  
  22  2:07  SCV  
  23  2:14  Refinery  
  23  2:20  SCV  
  24  2:24  Barracks Reactor  
  24  2:32  SCV  
  25  2:41  Command Center  
  25  2:53  SCV, Orbital Command  
  26  3:03  Starport  
  26  3:06  SCV  
  26  3:07  Refinery  
  27  3:13  Hellion x2  
  27  3:15  Marine  
  27  3:18  SCV  
  33  3:21  SCV  
  34  3:30  SCV  
  34  3:33  SCV  
  36  3:38  Hellion x2  
  36  3:41  Viking  
  42  3:43  Barracks Tech Lab  
  42  3:47  Supply Depot  
  43  3:48  SCV  
  43  3:49  SCV  
  43  3:55  Orbital Command  
  44  4:00  SCV  
  44  4:01  Marine  
  44  4:02  SCV  
  47  4:04  Stimpack  
  47  4:15  Barracks  
  47  4:19  Factory Tech Lab  
  47  4:21  Marine  
  47  4:23  Barracks  
  48  4:24  SCV x2  
  48  4:25  SCV  
  48  4:29  Starport Reactor  
  48  4:30  Supply Depot  
  51  4:36  SCV  
  51  4:38  Marine, SCV  
  53  4:47  Engineering Bay  
  53  4:48  Engineering Bay  
  53  4:49  SCV x2  
  53  4:50  SCV  
  56  4:56  Marine  
  57  5:01  SCV x2  
  57  5:04  Marine x2  
  61  5:07  Refinery x2  
  61  5:08  Siege Tank  
  64  5:14  Marine  
  64  5:15  Terran Infantry Weapons Level 1, Starport Reactor  
  64  5:18  Orbital Command  
  65  5:22  Terran Infantry Armor Level 1  
  65  5:23  SCV x2  
  65  5:26  Barracks, Marine x2  
  65  5:27  Barracks, Marine  
  65  5:28  Marine  
  70  5:32  Marine  
  70  5:33  Supply Depot  
  70  5:40  SCV x2  
  72  5:44  Marine x2  
  72  5:45  Marine, SCV  
  72  5:47  Marine  
  77  5:55  Marine, SCV x2, Siege Tank  
  77  5:56  Supply Depot  
  83  6:01  Medivac  
  85  6:06  Supply Depot  
  85  6:10  Combat Shield  
  85  6:13  Medivac, Marine x3, SCV x3  
  85  6:17  Marine, Barracks Reactor  
  85  6:18  Barracks Reactor  
  94  6:25  SCV x3  
  97  6:29  Supply Depot  
  97  6:33  Siege Tank  
  97  6:34  Refinery, Armory  
  97  6:37  Marine x4, SCV x2  
  106  6:40  SCV  
  106  6:42  Medivac  
  109  6:51  SCV x2  
  109  6:52  Medivac, Supply Depot, SCV  
  109  6:53  Supply Depot  
  114  7:00  Marine x3  
  117  7:02  Supply Depot  
  117  7:10  SCV  
  117  7:14  Marine x5, SCV x2  
  117  7:15  Marine  
  125  7:18  Marine  
  125  7:19  Factory Reactor  
  125  7:20  Marine  
  125  7:22  Factory, Marine  
  115  7:32  Marine x6  
  115  7:34  Terran Infantry Weapons Level 2, Terran Infantry Armor Level 2  
  115  7:36  Marine  
  121  7:40  Marine  
  121  7:41  Marine  
  122  7:49  Marine x3  
  123  7:54  Marine x2  
  123  7:55  Medivac x2  
  123  7:57  Marine x2  
  131  7:59  Terran Vehicle And Ship Armor Level 1  
  131  8:00  Marine x2  
  133  8:07  Marine x2  
  133  8:11  Factory Reactor  
  133  8:12  Factory Tech Lab  
  135  8:13  Widow Mine x2  
  135  8:15  Marine x2  
  141  8:21  Supply Depot  
  141  8:22  Supply Depot, Command Center  
  141  8:37  Marine  
  141  8:38  Marine  
  141  8:39  Marine x7  
  111  8:51  Drilling Claws, Widow Mine x3  
  111  8:53  Medivac x2  
  111  8:55  Marine, SCV x3  
  122  8:56  Marine  
  122  8:57  Marine x7  
  131  9:07  SCV  
  132  9:10  Barracks  
  132  9:11  Barracks, SCV x2  
  132  9:13  Barracks, Marine  
  132  9:14  Marine x3  
  132  9:16  Widow Mine x2  
  140  9:23  Marine x4  
  135  9:24  Widow Mine  
  135  9:28  Marine  
  135  9:29  Medivac  
  135  9:31  Marine  
  123  9:33  Marine, SCV x3  
  123  9:37  Planetary Fortress, Widow Mine  
  130  9:40  Widow Mine  
  130  9:44  Marine x2, Marauder  
  136  9:51  Medivac, Widow Mine  
  140  9:57  Marine  
  140  9:58  Marine x4, Widow Mine  
  147  10:01  Widow Mine  
  147  10:06  Marine x3  
  152  10:08  Barracks Tech Lab x2  
  152  10:12  Widow Mine  
  154  10:15  Terran Infantry Weapons Level 3, Terran Infantry Armor Level 3  
  154  10:20  Widow Mine  
  154  10:21  Sensor Tower  
  156  10:22  Widow Mine  
  156  10:24  Marine x5  
  156  10:25  Marine, Marauder  
  156  10:27  Medivac  
  168  10:29  Medivac  
  168  10:32  Marauder  
  168  10:35  Marine  
  172  10:37  Marine  
  172  10:38  Marauder, Widow Mine  
  172  10:41  Widow Mine  
  168  10:42  Marine  
  168  10:43  Marine, Marauder  
  168  10:48  Widow Mine  
  172  10:55  Supply Depot  
  172  10:56  Supply Depot, Marine x2  
  172  11:02  Supply Depot  
  172  11:03  Concussive Shells  
  172  11:14  Command Center  
  172  11:17  Medivac x2, Marine, Widow Mine x2  
  172  11:18  Marauder x2  
  183  11:19  Marine x3  
  183  11:20  Marauder  
  183  11:23  Marine x4  
  183  11:24  Widow Mine  
  193  11:29  Marauder  
  194  11:34  Marine  
  194  11:37  Marine  
  194  11:38  Marine x2  
  194  11:39  Marauder  
  196  11:42  Supply Depot  
  196  11:45  Marauder  
  196  11:47  Widow Mine x2  
  196  11:52  Marine x2  
  196  11:53  Marauder x2  
  195  12:00  Marine  
  195  12:01  Medivac, Marauder  
  182  12:02  Widow Mine  
  182  12:03  Marine x3  
  182  12:05  Marine x2  
  182  12:06  Marauder  
  182  12:08  Widow Mine  
  176  12:11  Refinery, Marine, SCV x3, Starport  
  176  12:12  Refinery, Starport  
  176  12:13  Marine  
  176  12:14  Marauder x2  
  185  12:18  Liberator x2, Marine  
  185  12:21  Marine  
  185  12:22  Marauder  
  180  12:28  Marine x3, Marauder  
  168  12:32  Marine x3  
  168  12:34  Widow Mine x2  
  168  12:35  Marine, Marauder  
  168  12:36  Marine  
  185  12:39  Marine  
  185  12:44  Marauder  
  188  12:46  Marine x3  
  188  12:50  Marine x3, Marauder  
  188  12:51  Starport Tech Lab  
  196  12:53  Marauder  
  196  12:54  Marine  
  196  12:56  Marine  
  196  12:57  Marauder  
  196  12:58  Viking  
  200  13:04  Marine x3  
  199  13:08  Marine  
  199  13:11  Marine  
  195  13:29  Marauder  
  170  13:38  Viking x3  
  170  13:39  Marine x2, Marauder  
  170  13:40  Marine x4  
  174  13:43  Marine x2  
  174  13:44  Viking  
  174  13:46  Marine, Marauder  
  175  13:50  Marine  
  163  13:57  Marine x2  
  163  14:01  Marine, Marauder  
  168  14:04  Marauder  
  168  14:08  Viking x3  
  176  14:14  Fusion Core, Medivac  
  176  14:16  Marine  
  175  14:17  Unknown x11, Marauder  
  175  14:18  Widow Mine  
  175  14:19  Widow Mine  
  175  14:23  Marine, Marauder  
  177  14:25  Marine  
  177  14:26  Marauder  
  177  14:27  Marine, Marauder  
  178  14:38  Medivac, Marauder  
  180  14:39  Marine x2  
  180  14:45  Marauder  
  184  14:48  Widow Mine x2  
  184  14:52  Marauder  
  181  14:56  Marine, Marauder  
  181  14:57  Marine x2  
  181  14:59  Marauder  
  177  15:00  Viking  
  177  15:01  Marine  
  177  15:03  Marine  
  177  15:06  Marauder  
  174  15:08  Marine  
  174  15:13  Marauder  
  174  15:14  Marine  
  148  15:17  Marauder  
  148  15:19  Marine x2  
  148  15:21  Marauder  
  135  15:25  Marine x3  
  135  15:26  Marine x2  
  135  15:28  Marauder  
  128  15:31  Marine  
  128  15:34  Medivac, Marine  
  134  15:36  Widow Mine  
  134  15:37  Marine x2  
  134  15:39  Marauder  
  134  15:42  Marine  
  139  15:43  Marine  
  139  15:47  Marine  
  139  15:48  Marine  
Tags
 
Add a new tag
Caveats
  • Supply blocks, unpowered buildings, or Contaminate may cause inaccurate times.
  • Supply counts are checked every 10 seconds.